 Dungeon Crawl Stone Soup version 0.28-a0-2-g643f2454ad (webtiles) character file.

Game seed: 14181508501756501924

151 pokeman the Magician (level 5, 0/29 HPs)
             Began as a Deep Elf Hedge Wizard on July 22, 2021.
             Slain by a ball python (1 damage)
             ... on level 4 of the Dungeon.
             The game lasted 00:06:14 (3069 turns).

pokeman the Magician (Deep Elf Hedge Wizard)        Turns: 3069, Time: 00:06:15

Health: 0/29       AC:  3    Str:  7    XL:     5   Next: 10%
Magic:  2/15       EV: 10    Int: 20    God:
Gold:   60         SH:  0    Dex: 14    Spells: 5/16 levels left

rFire   . . .      SeeInvis .   h - +0 whip (flame)
rCold   . . .      Faith    .   (no shield)
rNeg    . . .      Spirit   .   b - +0 robe
rPois   .          Reflect  .   c - +0 hat
rElec   .          Harm     .   j - +0 cloak
rCorr   +          Rampage  .   (no gloves)
Will    .....                   (no boots)
Stlth   ++........              (no amulet)
HPRegen 0.09/turn               i - ring of resist corrosion
MPRegen 0.14/turn               p - +4 ring of slaying

@: constricted
A: no striking features
a: no special abilities


You were on level 4 of the Dungeon.
You visited 1 branch of the dungeon, and saw 4 of its levels.

You collected 60 gold pieces.

Inventory:

Hand Weapons
 h - a +0 whip of flaming (weapon)
Missiles
 f - 39 bolts
 g - 52 arrows
 r - a throwing net
Armour
 b - a +0 robe (worn)
 c - a +0 hat (worn)
 j - a +0 cloak (worn)
Jewellery
 i - a ring of resist corrosion (left hand)
 m - a ring of ice
 p - a +4 ring of slaying (right hand)
Scrolls
 a - a scroll of fear {unknown}
 d - 2 scrolls of identify {unknown}
 k - a scroll of teleportation {unknown}
 n - a scroll of magic mapping {unknown}
 o - a scroll of enchant weapon {unknown}
 s - a scroll of amnesia {unknown}
Potions
 e - a potion of berserk rage {unknown}
 l - a potion of curing {unknown}
 q - a potion of might {unknown}


   Skills:
 - Level 1.0 Fighting
 - Level 1.0 Armour
 + Level 2.9 Dodging
 - Level 2.4 Stealth
 * Level 6.0 Spellcasting
 + Level 2.6 Conjurations
 - Level 1.1 Summonings
 - Level 1.1 Translocations
 - Level 1.1 Fire Magic
 + Level 0.2 Air Magic


You had 5 spell levels left.
You knew the following spells:

 Your Spells              Type           Power      Damage    Failure   Level
a - Magic Dart            Conj           64%        1d6       3%          1
b - Mephitic Cloud        Conj/Pois/Air  9%         N/A       22%         3
c - Call Imp              Summ           10%        N/A       10%         2
d - Blink                 Tloc           N/A        N/A       10%         2
e - Conjure Flame         Conj/Fire      13%        6-21      14%         3

Your spell library contained the following spells:

 Spells                   Type           Power      Damage    Failure   Level
 Apportation              Tloc           20%        N/A       7%          1
 Slow                     Hex            6%         N/A       16%         2
 Alistair's Intoxication  Tmut/Pois      4%         N/A       96%         5
 Invisibility             Hex            3%         N/A       100%        6


Dungeon Overview and Level Annotations

Branches:
Dungeon (3/15)

Altars:
Fedhas

Annotations:
D:4 Menkaure


Message History

You see here a jackal corpse.
The ball python closely misses you. The ball python completely misses you.
Found a rapier.
The ball python bites you.
* * * LOW HITPOINT WARNING * * *
The ball python closely misses you.
Found 9 gold pieces.
You see here a +0 rapier.
A ball python comes into view.
Menkaure calls on the powers of darkness!
The ogre convulses!
You feel a surge of unholy energy. The ball python misses you.
The ball python grabs you.
* * * LOW HITPOINT WARNING * * *
The ball python constricts you.
Found a smoky purple potion.
You escape the ball python's grasp.
The ball python hisses angrily.
Found 4 gold pieces.
Menkaure murmurs, "It doesn't hurt if you pull your brain out of your nose yourself."
Casting: Blink (safe; 10% risk of failure)
Confirm with . or Enter, or press ? or * to list all spells.
Aiming: Magic Dart (safe; 3% risk of failure)
Press: ? - help, Shift-Dir - straight line, f - ogre
Aim: an ogre, wielding a +0 giant spiked club (almost dead, 100% to hit)
The magic dart hits the ogre.
The ogre is almost dead.
Unknown command.
The ball python closely misses you. The ball python grabs you.
The ball python constricts you.
Casting: Magic Dart (safe; 3% risk of failure)
Confirm with . or Enter, or press ? or * to list all spells.
Aiming: Magic Dart (safe; 3% risk of failure)
Press: ? - help, Shift-Dir - straight line, f/p - ogre
Aim: an ogre, wielding a +0 giant spiked club (almost dead, 100% to hit)
The magic dart hits the ball python.
You kill the ball python!
The ball python bites you.
* * * LOW HITPOINT WARNING * * *
The ball python grabs you.
You die...

##### #...# .....# #...#
#....# .. #...#
.....#.... #...#
#....#... . ##...#
#....#.# .. #....#
####......##.# ####...@#
#.............
.$....SJ###...)........#
.......OM..........P...#
.......................#
......................##
........................
..!.....................
........................
.........$..............


You could see an ogre, Menkaure (fast), an endoplasm and a ball python.

Vanquished Creatures
  A bullfrog skeleton (D:4)
  Natasha (D:3)
  2 adders
  A worm (D:2)
  3 dart slugs
  3 orcs (D:3)
  An endoplasm (D:2)
  3 giant cockroaches
  A goblin (D:1)
  4 hobgoblins
  13 jackals
  6 kobolds
  3 quokkas
  5 ball pythons
  4 bats
  2 frilled lizards
  A rat (D:1)
54 creatures vanquished.

Vanquished Creatures (collateral kills)
  Natasha (D:3)
  A jackal (D:3)
2 creatures vanquished.

Grand Total: 56 creatures vanquished

Notes
Turn   | Place    | Note
-------+----------+-------------------------------------------
     0 | D:1      | pokeman the Deep Elf Hedge Wizard began the quest for the
                  | Orb.
     0 | D:1      | Reached XP level 1. HP: 10/10 MP: 7/7
   344 | D:1      | Reached XP level 2. HP: 15/15 MP: 0/9
  1296 | D:2      | Reached skill level 5 in Spellcasting
  1579 | D:2      | Reached XP level 3. HP: 20/20 MP: 9/11
  1583 | D:2      | Learned a level 3 spell: Mephitic Cloud
  1586 | D:2      | Learned a level 2 spell: Call Imp
  1589 | D:2      | Learned a level 2 spell: Blink
  1593 | D:2      | Learned a level 3 spell: Conjure Flame
  2048 | D:3      | Found a blossoming altar of Fedhas.
  2222 | D:3      | Noticed Natasha
  2256 | D:3      | Killed Natasha
  2257 | D:3      | Reached skill level 1 in Fighting
  2257 | D:3      | Reached skill level 1 in Armour
  2600 | D:3      | Reached XP level 4. HP: 19/25 MP: 10/13
  2701 | D:3      | Noticed Natasha
  2715 | D:3      | Killed Natasha
  2989 | D:3      | You fall into a shaft and drop 1 floor!
  2997 | D:4      | Reached skill level 1 in Fire Magic
  3016 | D:4      | Noticed Menkaure
  3019 | D:4      | Reached XP level 5. HP: 25/29 MP: 3/15
  3020 | D:4      | Reached skill level 6 in Spellcasting
  3023 | D:4      | Noticed an ogre
  3069 | D:4      | HP: 1/29 [ball python (2)]
  3069 | D:4      | Slain by a ball python

Illustrated notes

Levels and vault maps discovered:
D:1:      minmay_arrival_open_corners, layout_rooms, supply_closet_lemuel
D:2:      layout_loops_ring
D:3:      layout_loops_ring, lemuel_crystal_altar,
          mainiacjoe_overflow_six_doors_small, uniq_sigmund, uniq_natasha
D:4:      layout_basic, amcnicky_mini_rare_corridor_liquid, serial_park_tiny_1,
          eino_tiny_chamber, uniq_menkaure

Skill      XL: |  1  2  3  4  5 |
---------------+----------------+-----
Spellcasting   | 5 6 |  6.0
Fighting       | 1 |  1.0
Armour         | 1 |  1.0
Conjurations   | 2 |  2.6
Fire Magic     | 1 |  1.1
Dodging        | |  2.9
Stealth        | |  2.4
Summonings     | |  1.1
Translocations | |  1.1
Air Magic      | |  0.2

Action                   |  1- 3 |  4- 6 || total
-------------------------+-------+-------++-------
Melee: Whip              |    38 |    14 ||    52
 Cast: Magic Dart        |   105 |    21 ||   126
       Mephitic Cloud    |     1 |     2 ||     3
       Call Imp          |     1 |       ||     1
       Conjure Flame     |       |     1 ||     1
       Blink             |       |     2 ||     2
 Stab: Sleeping          |     1 |       ||     1
       Confused          |       |     1 ||     1
Armor: Robe              |    17 |     9 ||    26
Dodge: Dodged            |    54 |    29 ||    83

Table legend: (Time is in decaauts)
 A = Elapsed time spent in this place.
 B = Non-inter-level travel time spent in this place.
 C = Inter-level travel time spent in this place.
 D = Time resting spent in this place.
 E = Time spent auto-exploring this place.
 F = Levels seen in this place.
 G = Mean time per level.
                   A        B        C        D        E       F      G
               +--------+--------+--------+--------+--------+-----+--------+
         Total |   3071 |   3039 |     32 |      3 |   2657 |   4 |  767.8 |
       Dungeon |   3071 |   3039 |     32 |      3 |   2657 |   4 |  767.8 |
               +--------+--------+--------+--------+--------+-----+--------+

Top non-repeatable levels by time:
     D:3: 1073 daAuts
     D:1: 1071 daAuts
     D:2: 846 daAuts
     D:4: 81 daAuts
